 Dungeon Crawl Stone Soup version 0.31.0-11-ge490571c62 (webtiles) character file.

Game seed: 2750125973346771577

2887 dialectric the Basher (level 9, 0/62 HPs)
             Began as a Human Fighter on Jan 31, 2024.
             Slain by a hornet zombie (2 damage)
             ... on level 6 of the Dungeon.
             The game lasted 00:09:35 (3957 turns).

dialectric the Basher (Human Fighter)               Turns: 3957, Time: 00:09:36

Health: 0/62       AC:  7    Str: 20    XL:     9   Next: 77%
Magic:  9/9        EV: 16    Int:  7    God:
Gold:   406        SH:  0    Dex: 23    Spells: 8/8 levels left

rFire   . . .        w - +0 flail (heavy)
rCold   + . .        (no shield)
rNeg    . . .        x - +2 leather armour {rC+}
rPois   +            (no helmet)
rElec   .            (no cloak)
rCorr   .            (no gloves)
SInv    .            q - +0 pair of boots
Will    +....        (no amulet)
Stlth   ++           h - +6 ring of dexterity
HPRegen 1.10/turn    I - ring of poison resistance
MPRegen 0.11/turn

%: no passive effects
@: no status effects
A: explore regen, agile 1, frail 1, strong-willed 1, regeneration 1
a: no special abilities


You were on level 6 of the Dungeon.
You visited 1 branch of the dungeon, and saw 8 of its levels.
You also visited: Sewer.

You collected 434 gold pieces.
You spent 28 gold pieces at shops.

Inventory:

Hand Weapons
 i - a +2 short sword of holy wrath
 w - a +0 heavy flail (weapon)
 y - a +0 whip of electrocution
 C - a +2 flail of protection
 N - a +2 whip of venom
Missiles
 D - 13 poisoned darts (quivered)
Armour
 b - a +0 scale mail
 c - a +0 buckler
 q - a +0 pair of boots (worn)
 x - a +2 leather armour of cold resistance (worn)
Jewellery
 d - a +5 ring of evasion
 h - a +6 ring of dexterity (left hand)
 j - a ring of fire
 v - a ring of willpower
 I - a ring of poison resistance (right hand)
 K - a ring of wizardry
Wands
 t - a wand of mindburst (20)
 u - a wand of flame (17)
 A - a wand of quicksilver (7)
 M - a wand of polymorph (4)
Scrolls
 e - a scroll of silence {unknown}
 f - 3 scrolls of enchant armour
 g - 3 scrolls of blinking
 m - a scroll of noise {unknown}
 o - 3 scrolls of fear {unknown}
 r - a scroll of poison {unknown}
 s - 10 scrolls of teleportation
 E - a scroll of fog {unknown}
 F - a scroll of vulnerability {unknown}
 L - a scroll of amnesia {unknown}
Potions
 k - 2 potions of haste
 l - 2 potions of resistance
 n - a potion of cancellation
 p - a potion of mutation
 z - a potion of curing
 B - a potion of heal wounds {unknown}
 G - a potion of enlightenment {unknown}
 H - a potion of brilliance {unknown}
 J - a potion of attraction {unknown}


   Skills:
 + Level 6.0 Fighting
 + Level 8.6 Maces & Flails
 + Level 5.5 Armour
 * Level 6.2 Dodging
 - Level 2.0 Stealth
 + Level 3.2 Shields
 + Level 2.5 Evocations


You had 8 spell levels left.
You didn't know any spells.
Your spell library contained the following spells:

 Spells                   Type           Power      Damage    Failure   Level
 Summon Small Mammal      Summ           0%         N/A       47%         1
 Blink                    Tloc           0%         N/A       63%         2
 Ensorcelled Hibernation  Hex/Ice        0%         N/A       63%         2
 Lesser Beckoning         Tloc           0%         N/A       63%         2
 Momentum Strike          Conj/Tloc      0%         3d8       63%         2
 Call Canine Familiar     Summ           0%         N/A       85%         3
 Passwall                 Erth           0%         N/A       85%         3
 Swiftness                Air            0%         N/A       85%         3
 Brom's Barrelling Bould  Conj/Erth      0%         2d3       99%         4
 Summon Blazeheart Golem  Fire/Summ      0%         N/A       99%         4
 Vhi's Electric Charge    Tloc/Air       0%         N/A       99%         4
 Arcjolt                  Conj/Air       0%         1d10      100%        5
 Fireball                 Conj/Fire      0%         3d3       100%        5
 Iskenderun's Battlesphe  Conj           0%         2d6       100%        5
 Conjure Ball Lightning   Conj/Air       0%         3x3d6     100%        6
 Orb of Destruction       Conj           0%         9d5       100%        7
 Maxwell's Capacitive Co  Air            0%         ∞         100%        8


Dungeon Overview and Level Annotations

Branches:
Dungeon (8/15)              Sewer (visited)
 Temple: D:4-7         Lair: D:8-11

Altars:
Dithmenos
Gozag
Hepliaklqana
Kikubaaqudgha
Makhleb
Vehumet
Wu Jian
Xom

Shops:
D:2 (   D:3 ?


Innate Abilities, Weirdness & Mutations

You regain HP and MP as you explore.
You are agile. (Dex +4, Str/Int -1)
You are frail. (-10% HP)
You are strong-willed. (Will+)
Your natural rate of healing is unusually fast.


Message History

The hornet zombie is severely damaged.
The hornet zombie barely misses you. The hornet zombie misses you.
You hit the hornet zombie but do no damage.
The hornet zombie is severely damaged.
The hornet zombie hits you. The hornet zombie closely misses you.
You hit the hornet zombie.
The hornet zombie is severely damaged.
The hornet zombie hits you! The hornet zombie barely misses you.
You hit the hornet zombie.
The hornet zombie is severely damaged.
The hornet zombie hits you but does no damage.
The hornet zombie hits you!
You closely miss the hornet zombie.
The hornet zombie is severely damaged.
The hornet zombie closely misses you. The hornet zombie misses you.
You barely miss the hornet zombie.
The hornet zombie is severely damaged.
The hornet zombie hits you.
* * * LOW HITPOINT WARNING * * *
The hornet zombie hits you!
* * * LOW HITPOINT WARNING * * *
You barely miss the hornet zombie.
The hornet zombie is severely damaged.
The hornet zombie misses you.
You barely miss the hornet zombie.
The hornet zombie is severely damaged.
The hornet zombie hits you.
* * * LOW HITPOINT WARNING * * *
The hornet zombie barely misses you.
You barely miss the hornet zombie.
The hornet zombie is severely damaged.
The hornet zombie hits you.
* * * LOW HITPOINT WARNING * * *
The hornet zombie closely misses you.
You closely miss the hornet zombie.
The hornet zombie is severely damaged.
The hornet zombie hits you!
* * * LOW HITPOINT WARNING * * *
The hornet zombie hits you.
You die...

......# .#
#..# #.#
>#...## #
#....##..
.##.#...
#.......
.##...#.
......
.####.#
#.... .#
)..# #.(.
.###.#..
#.. .....##
#Z# ......
#.#####@#
#...#...
#...[)..#
#######.
#...##.#
#.#######
##......
.....#.###.
###
#P§§§..#
.#. ......
...
#.§.~~.#
##.##.#.#
#.#
#§§§§..#
#...#...#
#.#
#§§§~~.## .
#...#.# #.#
#§§§~~..Z
)###..>.#
#.#
#§P~...##


You could see a hornet zombie.

Vanquished Creatures
  Pikel (D:4)
  Grinder (D:6)
  Sigmund (D:2)
  Edmund (D:4)
  Pargi (Sewer)
  3 orc warriors
  A sky beast (D:7)
  2 black bears
  An ice beast (D:7)
  An ogre (D:6)
  A kobold brigand (D:6)
  A brain worm (Sewer)
  A gnoll sergeant (D:6)
  A scorpion (D:5)
  A water moccasin zombie (D:6)
  2 wyvern zombies (D:6)
  A howler monkey (D:5)
  2 bombardier beetles
  2 orc priests
  A centaur skeleton (D:6)
  2 gnoll boudas
  A hound (D:4)
  Jessica (D:2)
  An iguana (D:5)
  4 orc wizards
  9 gnolls
  6 adders
  A shadow imp (D:5)
  2 white imps (D:5)
  2 ufetubi (D:7)
  3 dart slugs
  3 ribbon worms
  11 orcs
  8 endoplasms
  6 giant cockroaches
  13 goblins
  7 hobgoblins
  5 jackals
  11 kobolds
  11 quokkas
  10 ball pythons
  15 bats
  5 frilled lizards
  10 rats
173 creatures vanquished.

Notes
Turn   | Place    | Note
-------+----------+-------------------------------------------
     0 | D:1      | dialectric the Human Fighter began the quest for the Orb.
     0 | D:1      | Reached XP level 1. HP: 18/18 MP: 1/1
    34 | D:1      | Reached XP level 2. HP: 14/24 MP: 2/2
   385 | D:1      | Reached XP level 3. HP: 25/29 MP: 3/3
   495 | D:1      | Found a faded altar of an unknown god.
   662 | D:2      | Noticed Sigmund
   674 | D:2      | Killed Sigmund
   675 | D:2      | Reached skill level 4 in Maces & Flails
   675 | D:2      | Reached XP level 4. HP: 13/37 MP: 4/4
   675 | D:2      | Reached XP level 5. HP: 15/42 MP: 5/5
   794 | D:2      | Found a radiant altar of Vehumet.
   860 | D:2      | Found Vipru's Antique Weapon Shoppe.
  1011 | D:2      | Noticed Jessica
  1023 | D:2      | Gained mutation: You are strong-willed. (Will+) [potion of
                  | mutation]
  1023 | D:2      | Gained mutation: You are agile. (Dex +4, Str/Int -1)
                  | [potion of mutation]
  1023 | D:2      | Gained mutation: You are frail. (-10% HP) [potion of
                  | mutation]
  1023 | D:2      | Gained mutation: Your natural rate of healing is unusually
                  | fast. [potion of mutation]
  1026 | D:2      | Killed Jessica
  1027 | D:2      | Reached XP level 6. HP: 13/43 MP: 6/6
  1364 | D:3      | Found Nialekk's Magic Scroll Emporium.
  1409 | D:3      | Bought a scroll of identify for 28 gold pieces
  1490 | D:3      | Found a burning altar of Makhleb.
  1491 | D:3      | Found an ancient bone altar of Kikubaaqudgha.
  1491 | D:3      | Found a shimmering altar of Xom.
  1505 | D:3      | Found a hazy altar of Hepliaklqana.
  1506 | D:3      | Found an ornate altar of the Wu Jian Council.
  1508 | D:3      | Found an opulent altar of Gozag.
  1768 | D:3      | Reached skill level 1 in Dodging
  1942 | D:4      | Noticed Edmund
  1961 | D:5      | Entered Level 5 of the Dungeon
  2038 | D:4      | Reached skill level 5 in Maces & Flails
  2221 | D:4      | Reached XP level 7. HP: 48/48 MP: 7/7
  2301 | D:4      | Killed Edmund
  2518 | D:5      | Noticed Pikel
  2543 | D:4      | Killed Pikel
  2544 | D:4      | Reached skill level 6 in Maces & Flails
  2544 | D:4      | Reached skill level 5 in Armour
  2544 | D:4      | Reached skill level 1 in Stealth
  2544 | D:4      | Reached skill level 1 in Evocations
  2544 | D:4      | Reached XP level 8. HP: 31/54 MP: 8/8
  2628 | D:5      | Reached skill level 5 in Fighting
  2674 | D:5      | Found a glowing drain.
  2682 | Sewer    | Entered a sewer
  2702 | Sewer    | Noticed Pargi
  2714 | Sewer    | Killed Pargi
  2898 | D:5      | Reached skill level 7 in Maces & Flails
  3291 | D:6      | Reached XP level 9. HP: 53/61 MP: 9/9
  3351 | D:6      | Noticed Grinder
  3356 | D:6      | Found a shadowy altar of Dithmenos.
  3363 | D:6      | Killed Grinder
  3517 | D:6      | Reached skill level 5 in Dodging
  3527 | D:6      | You fall into a shaft and drop 2 floors!
  3572 | D:7      | Reached skill level 8 in Maces & Flails
  3638 | D:7      | Identified the +4 ring mail "Nukh" {-Cast Harm Fly rF+}
  3957 | D:6      | HP: 2/62 [hornet zombie (9)]
  3957 | D:6      | Slain by a hornet zombie

Illustrated notes

Levels and vault maps discovered:
D:1:      saegor_arrival_miasma, layout_rooms, dreamdust_ecumenical_altar_grove,
          st_stairs_10, minmay_misc_feat_four_crosses, grunt_decor_one_mirror,
          minmay_pentomino_q4
D:2:      layout_rooms, serial_shops, shop, basic_altar, uniq_sigmund,
          uniq_jessica
D:3:      layout_rooms, minitemple, serial_shops, nicolae_shop_tiny_glass,
          roderic_batcave
D:4:      layout_rooms, uniq_edmund
D:5:      layout_rooms, gup_sewer_entry_pipe, kennysheep_generic_room_14,
          uniq_pikel
D:6:      layout_loops_ring, grunt_dithmenos_smoke, serial_undead,
          serial_undead_f, serial_undead_e, serial_undead_f, serial_undead_a,
          nicolae_zig_zag_zippers, uniq_grinder, uniq_blork_the_orc
D:7:      layout_basic, mainiacjoe_overflow_big_doors,
          minmay_temple_entry_wispy, serial_shops, shop
D:8:      layout_loops_cross, nicolae_elyvilon_temple_path,
          amcnicky_altar_gilded, uniq_erica

Skill      XL: |  1  2  3  4  5  6  7  8  9 |
---------------+----------------------------+-----
Maces & Flails | 4 5 6 7 8 |  8.6
Armour         | 4 5 |  5.5
Fighting       | 4 5 6 |  6.0
Dodging        | 1 2 4 6 |  6.2
Stealth        | 1 2 |  2.0
Evocations     | 1 2 |  2.5
Shields        | |  3.2

Action                     |  1- 3 |  4- 6 |  7- 9 || total
---------------------------+-------+-------+-------++-------
  Melee: Flail             |   114 |   167 |   242 ||   523
         Punch             |     2 |     2 |     5 ||     9
  Evoke: Wand              |       |       |    18 ||    18
    Use: Potion            |     1 |     2 |     1 ||     4
         Scroll            |       |     2 |     6 ||     8
   Stab: Sleeping          |       |       |     2 ||     2
 Armour: Scale mail        |    86 |   140 |     4 ||   230
         Leather armour    |       |       |   209 ||   209
  Dodge: Dodged            |    69 |   120 |   258 ||   447
